HSSL
BROOKLINE HS WARRIORS @ DUBLIN JEROME HS CELTICS
04/21/2026
 
TOP OF THE 1ST
Brookline HS Warriors batting - Pitching for Dublin Jerome HS Celtics : RHP Kelly Woodside
Pitching: RHP Kelly Woodside
Batting: LHB Jonathan Martin 0-0: Called Strike
0-1: Foul Ball, location: 2F
0-2: Strikes out swinging
Batting: LHB Desmond Huth 0-0: Reaches on Catchers interference
Batting: RHB Tom McBride 0-0: Ball
1-0: Called Strike
Desmond Huth steals 2nd base
1-1: Called Strike
1-2: Fly out, F6 (Popup, 6)
Batting: RHB Tim Smith 0-0: Called Strike
0-1: Ball
1-1: Called Strike
1-2: Strikes out swinging
Top of the 1st over - 0 run(s), 0 hit(s), 1 error(s), 1 left on base; Brookline HS 0 - Dublin Jerome HS 0
BOTTOM OF THE 1ST
Dublin Jerome HS Celtics batting - Pitching for Brookline HS Warriors : RHP Patrick Henry
Pitching: RHP Patrick Henry
Batting: RHB David Silva 0-0: Ball
1-0: Ball
2-0: Called Strike
2-1: Ball
3-1: Foul Ball, location: 2F
3-2: Base on Balls
Batting: RHB Cy Wilcox 0-0: Ball
1-0: Reached on error, E5 (Groundball, 56S)
David Silva to third
Batting: LHB Paul Holcomb 0-0: Ball
1-0: Swinging Strike
1-1: Ball
2-1: Foul Ball, location: 2F
2-2: Ball
3-2: Foul Ball, location: 2F
3-2: Foul Ball, location: 2F
3-2: Base on Balls
Batting: RHB Pedro Polanco 0-0: Ball
1-0: Ball
2-0: Foul Ball, location: 2F
2-1: Ball
3-1: Foul Ball, location: 2F
3-2: Fly out, F4 (Popup, 4D)
Batting: SHB Pete Jones 0-0: Ball
1-0: Ball
2-0: Ball
3-0: Base on Balls
David Silva scores
Cy Wilcox to third
Paul Holcomb to second
Batting: RHB Craig Hicks 0-0: Ball
1-0: Ball
2-0: Ball
3-0: Called Strike
3-1: Foul Ball, location: 2F
3-2: Strikes out swinging
Batting: RHB Deron McClendon 0-0: Fly out, F7 (Flyball, 78S)
Bottom of the 1st over - 1 run(s), 0 hit(s), 1 error(s), 3 left on base; Brookline HS 0 - Dublin Jerome HS 1
TOP OF THE 2ND
Brookline HS Warriors batting - Pitching for Dublin Jerome HS Celtics : RHP Kelly Woodside
Batting: SHB Luis Rodríguez 0-0: Ball
1-0: Fly out, F9 (Line Drive, 9M)
Batting: RHB Francisco Durango 0-0: Called Strike
0-1: Ball
1-1: Foul Ball, location: 2F
1-2: Ball
2-2: Strikes out swinging
Batting: RHB Ben Bond 0-0: Called Strike
0-1: Foul Ball, location: 2F
0-2: Ball
1-2: Foul Ball, location: 2F
1-2: Strikes out swinging
Top of the 2nd over - 0 run(s), 0 hit(s), 0 error(s), 0 left on base; Brookline HS 0 - Dublin Jerome HS 1
BOTTOM OF THE 2ND
Dublin Jerome HS Celtics batting - Pitching for Brookline HS Warriors : RHP Patrick Henry
Batting: RHB Garrett Hinton 0-0: Ball
1-0: Ball
2-0: Ball
3-0: Foul Ball, location: 2F
3-1: Base on Balls
Batting: LHB Dale González 0-0: Ball
1-0: Ball
2-0: Ball
3-0: Base on Balls
Garrett Hinton to second
Batting: RHB David Silva 0-0: Called Strike
0-1: Ball
1-1: Swinging Strike
1-2: Ball
2-2: Ball
3-2: Foul Ball, location: 2F
3-2: SINGLE (Flyball, 7S)
Garrett Hinton to third
Dale González to second
Batting: RHB Cy Wilcox 0-0: Ball
1-0: Foul Ball, location: 2F
1-1: Fly out, F1 (Popup, 13)
Batting: LHB Paul Holcomb 0-0: Ball
1-0: Called Strike
1-1: Called Strike
1-2: Foul Ball, location: 2F
1-2: Ball
2-2: Fly out, F8 (Flyball, 8LD)
Runner from 3rd tags up, SCORES, throw made
Batting: RHB Pedro Polanco 0-0: Foul Ball, location: 2F
0-1: Ball
1-1: Swinging Strike
1-2: Ball
2-2: Foul Ball, location: 2F
2-2: Strikes out swinging
Bottom of the 2nd over - 1 run(s), 1 hit(s), 0 error(s), 2 left on base; Brookline HS 0 - Dublin Jerome HS 2
TOP OF THE 3RD
Brookline HS Warriors batting - Pitching for Dublin Jerome HS Celtics : RHP Kelly Woodside
Batting: RHB Owen Jenkins 0-0: Ball
1-0: Swinging Strike
1-1: Ball
2-1: Called Strike
2-2: Ball
3-2: Ground out 6-3 (Groundball, 6M)
Batting: RHB Bob Bishop 0-0: Ball
1-0: Ball
2-0: Ball
3-0: Base on Balls
Batting: LHB Jonathan Martin 0-0: Called Strike
0-1: Foul Ball, location: 2F
0-2: Strikes out swinging
Batting: LHB Desmond Huth 0-0: Foul Ball, location: 2F
Pickoff Throw to First - Out!
Top of the 3rd over - 0 run(s), 0 hit(s), 0 error(s), 0 left on base; Brookline HS 0 - Dublin Jerome HS 2
BOTTOM OF THE 3RD
Dublin Jerome HS Celtics batting - Pitching for Brookline HS Warriors : RHP Patrick Henry
Batting: SHB Pete Jones 0-0: Fly out, F2 (Popup, 2RF)
Batting: RHB Craig Hicks 0-0: Called Strike
0-1: Ball
1-1: Ball
2-1: Ground out 5-3 (Groundball, 56)
Batting: RHB Deron McClendon 0-0: Called Strike
0-1: Foul Ball, location: 2F
0-2: Ball
1-2: Ball
2-2: Ball
3-2: Foul Ball, location: 2F
3-2: Foul Ball, location: 2F
3-2: Foul Ball, location: 2F
3-2: Ground out 5-3 (Groundball, 5L)
Bottom of the 3rd over - 0 run(s), 0 hit(s), 0 error(s), 0 left on base; Brookline HS 0 - Dublin Jerome HS 2
TOP OF THE 4TH
Brookline HS Warriors batting - Pitching for Dublin Jerome HS Celtics : RHP Kelly Woodside
Batting: LHB Desmond Huth 0-0: Bunted foul
0-1: Fly out, F8 (Flyball, 8RM)
Batting: RHB Tom McBride 0-0: Called Strike
0-1: Ball
1-1: Foul Ball, location: 2F
1-2: Ball
2-2: Ball
3-2: Strikes out swinging
Batting: RHB Tim Smith 0-0: Swinging Strike
0-1: Foul Ball, location: 2F
0-2: Strikes out looking
Top of the 4th over - 0 run(s), 0 hit(s), 0 error(s), 0 left on base; Brookline HS 0 - Dublin Jerome HS 2
BOTTOM OF THE 4TH
Dublin Jerome HS Celtics batting - Pitching for Brookline HS Warriors : RHP Patrick Henry
Batting: RHB Garrett Hinton 0-0: Ground out 5-3 (Groundball, 5)
Batting: LHB Dale González 0-0: Called Strike
0-1: Ground out 4-3 (Groundball, 34)
Batting: RHB David Silva 0-0: Called Strike
0-1: Bunted foul
0-2: Ball
1-2: Ball
2-2: Ball
3-2: Foul Ball, location: 2F
3-2: Base on Balls
Pitching: RHP Francisco Moreno
Batting: RHB Cy Wilcox 0-0: Called Strike
0-1: Ball
1-1: Ball
2-1: Ball
3-1: Base on Balls
David Silva to second
Batting: LHB Paul Holcomb 0-0: SINGLE (Line Drive, 4MD)
David Silva to third
Cy Wilcox to second
Runner from 3rd tries for Home, SAFE, no throw or cutoff
Batting: RHB Pedro Polanco 0-0: Called Strike
0-1: Foul Ball, location: 2F
0-2: Ball
1-2: Foul Ball, location: 2F
1-2: Ball
2-2: Ball
3-2: Base on Balls
Cy Wilcox to third
Paul Holcomb to second
Batting: SHB Pete Jones 0-0: Fly out, F8 (Flyball, 8LD)
Bottom of the 4th over - 1 run(s), 1 hit(s), 0 error(s), 3 left on base; Brookline HS 0 - Dublin Jerome HS 3
TOP OF THE 5TH
Brookline HS Warriors batting - Pitching for Dublin Jerome HS Celtics : RHP Kelly Woodside
Batting: SHB Luis Rodríguez 0-0: Ball
1-0: Swinging Strike
1-1: Ball
2-1: Foul Ball, location: 2F
2-2: Foul Ball, location: 2F
2-2: Strikes out looking
Batting: RHB Francisco Durango 0-0: Fly out, F9 (Flyball, 9M)
Batting: RHB Ben Bond 0-0: Ball
1-0: Ground out 1-3 (Groundball, 15)
Top of the 5th over - 0 run(s), 0 hit(s), 0 error(s), 0 left on base; Brookline HS 0 - Dublin Jerome HS 3
BOTTOM OF THE 5TH
Dublin Jerome HS Celtics batting - Pitching for Brookline HS Warriors : RHP Francisco Moreno
Batting: RHB Craig Hicks 0-0: Called Strike
0-1: Ball
1-1: Ball
2-1: Swinging Strike
2-2: Ball
3-2: SINGLE (Flyball, 78M)
Batting: RHB Deron McClendon 0-0: DOUBLE (Line Drive, 8RM)
Craig Hicks to third
Batting: RHB Garrett Hinton 0-0: Called Strike
Balk!
Craig Hicks scores
Deron McClendon to third
0-1: Foul Ball, location: 2F
0-2: SINGLE (Groundball, 56)
Deron McClendon scores
Batting: LHB Dale González 0-0: Ball
1-0: Ball
2-0: Ball
3-0: Called Strike
3-1: SINGLE (Groundball, 34D) (infield hit)
Garrett Hinton to second
Batting: RHB David Silva 0-0: Ball
1-0: Called Strike
1-1: Foul Ball, location: 2F
1-2: Ball
2-2: Foul Ball, location: 2F
2-2: Strikes out swinging
Batting: RHB Cy Wilcox 0-0: Ball
1-0: Ball
2-0: Called Strike
2-1: Ball
3-1: Base on Balls
Garrett Hinton to third
Dale González to second
Batting: LHB Paul Holcomb 0-0: Ball
1-0: Ball
2-0: Foul Ball, location: 2F
2-1: Ball
3-1: SINGLE (Popup, 8RS)
Garrett Hinton scores
Dale González to third
Cy Wilcox to second
Runner from 3rd tries for Home, SAFE, throw made at trailing runner, OUT at third!
Pitching: RHP Ryan Lee
Batting: RHB Pedro Polanco 0-0: Called Strike
0-1: Foul Ball, location: 2F
0-2: Ball
1-2: Foul Ball, location: 2F
1-2: 2-RUN HOME RUN (Flyball, 7LD), Distance : 351 ft
Batting: SHB Pete Jones 0-0: Ball
1-0: Ball
2-0: Ball
3-0: Base on Balls
Batting: RHB Craig Hicks 0-0: Ball
1-0: Swinging Strike
1-1: Swinging Strike
1-2: Ball
2-2: Ball
3-2: Strikes out swinging
Bottom of the 5th over - 6 run(s), 6 hit(s), 0 error(s), 1 left on base; Brookline HS 0 - Dublin Jerome HS 9
TOP OF THE 6TH
Brookline HS Warriors batting - Pitching for Dublin Jerome HS Celtics : RHP Kelly Woodside
Batting: RHB Owen Jenkins 0-0: Called Strike
0-1: Called Strike
0-2: Ball
1-2: Strikes out swinging
Batting: RHB Bob Bishop 0-0: Reached on error, E5 (Groundball, 56)
Batting: LHB Jonathan Martin 0-0: Called Strike
0-1: Ball
1-1: Called Strike
1-2: Strikes out looking
Batting: LHB Desmond Huth 0-0: Ball
1-0: Ball
2-0: Ball
3-0: Called Strike
3-1: Base on Balls
Bob Bishop to second
Batting: RHB Tom McBride 0-0: Ball
1-0: Foul Ball, location: 2F
1-1: Called Strike
1-2: Strikes out swinging
Top of the 6th over - 0 run(s), 0 hit(s), 1 error(s), 2 left on base; Brookline HS 0 - Dublin Jerome HS 9
BOTTOM OF THE 6TH
Dublin Jerome HS Celtics batting - Pitching for Brookline HS Warriors : RHP Ryan Lee
Batting: RHB Deron McClendon 0-0: Ball
1-0: Ground out 5-3 (Groundball, 5S)
Batting: RHB Garrett Hinton 0-0: Ground out 5-3 (Groundball, 5S)
Batting: LHB Dale González 0-0: Ground out 6-3 (Groundball, 6)
Bottom of the 6th over - 0 run(s), 0 hit(s), 0 error(s), 0 left on base; Brookline HS 0 - Dublin Jerome HS 9
TOP OF THE 7TH
Brookline HS Warriors batting - Pitching for Dublin Jerome HS Celtics : RHP Kelly Woodside
Batting: RHB Tim Smith 0-0: Ball
1-0: Swinging Strike
1-1: SINGLE (Line Drive, 5D)
Batting: SHB Luis Rodríguez 0-0: Ball
1-0: Ball
2-0: Ball
3-0: Base on Balls
Tim Smith to second
Pitching: RHP Jeffrey Ferris
Batting: RHB Francisco Durango 0-0: Ball
1-0: Called Strike
1-1: Ball
2-1: Foul Ball, location: 2F
2-2: Ball
3-2: Base on Balls
Tim Smith to third
Luis Rodríguez to second
Batting: RHB Ben Bond 0-0: Called Strike
0-1: Ball
1-1: Swinging Strike
1-2: Foul Ball, location: 2F
1-2: SINGLE (Groundball, 5D)
Tim Smith scores
Luis Rodríguez to third
Francisco Durango to second
Throwing error, E7
Luis Rodríguez scores
Francisco Durango to third
Ben Bond to second
Batting: RHB Owen Jenkins 0-0: Ball
1-0: Called Strike
1-1: Ball
2-1: Called Strike
2-2: Foul Ball, location: 2F
2-2: Ball
3-2: Strikes out looking
Batting: RHB Bob Bishop 0-0: Ball
1-0: Foul Ball, location: 2F
1-1: 3-RUN HOME RUN (Flyball, 89XD), Distance : 409 ft
Batting: LHB Jonathan Martin 0-0: Ball
1-0: Called Strike
1-1: Swinging Strike
1-2: Ground out 6-3 (Groundball, 6M)
Batting: LHB Desmond Huth 0-0: SOLO HOME RUN (Flyball, 9D), Distance : 389 ft
Batting: RHB Tom McBride 0-0: Ball
1-0: Foul Ball, location: 2F
1-1: Ball
2-1: Ball
3-1: Called Strike
3-2: Fly out, F8 (Flyball, 8RM)
Top of the 7th over - 6 run(s), 4 hit(s), 1 error(s), 0 left on base; Brookline HS 6 - Dublin Jerome HS 9
BOTTOM OF THE 7TH
Dublin Jerome HS Celtics batting - Pitching for Brookline HS Warriors : RHP Ryan Lee
Batting: RHB David Silva 0-0: Ball
1-0: Called Strike
1-1: Ball
2-1: Foul Ball, location: 2F
2-2: SINGLE (Groundball, 13S) (infield hit)
Batting: RHB Cy Wilcox 0-0: Sac Bunt - play at first, batter OUT! U3
David Silva to second
Batting: LHB Paul Holcomb 0-0: Intentional Walk
Batting: RHB Pedro Polanco 0-0: Fly out, F9 (Flyball, 9D)
Runner from 2nd tags up, SAFE at 3rd, no throw
Batting: SHB Pete Jones 0-0: Foul Ball, location: 2F
0-1: Swinging Strike
0-2: Foul Ball, location: 2F
0-2: Strikes out swinging
Bottom of the 7th over - 0 run(s), 1 hit(s), 0 error(s), 2 left on base; Brookline HS 6 - Dublin Jerome HS 9
TOP OF THE 8TH
Brookline HS Warriors batting - Pitching for Dublin Jerome HS Celtics : RHP Jeffrey Ferris
Pitching: RHP Cory Holmes
Batting: RHB Tim Smith 0-0: Ball
1-0: SINGLE (Groundball, 4M)
Pitching: LHP Jason Reed
Batting: SHB Luis Rodríguez 0-0: Ball
1-0: Ground out 4-3 (Groundball, 4M)
Tim Smith to second
Pitching: RHP Zach Hutchinson
Batting: RHB Francisco Durango 0-0: Called Strike
0-1: Called Strike
0-2: Fly out, F8 (Flyball, 8LM)
Batting: RHB Ben Bond 0-0: Ball
1-0: Foul Ball, location: 2F
1-1: 2-RUN HOME RUN (Flyball, 7LD), Distance : 355 ft
Batting: RHB Owen Jenkins 0-0: Called Strike
0-1: Foul Ball, location: 2F
0-2: Foul Ball, location: 2F
0-2: Ball
1-2: Ball
2-2: Ball
3-2: Base on Balls
Batting: RHB Bob Bishop 0-0: Called Strike
0-1: SINGLE (Flyball, 7LM)
Owen Jenkins to second
Pitching: LHP Gilbert Robinson
Batting: LHB Jonathan Martin 0-0: SINGLE (Groundball, 34D)
Owen Jenkins to third
Bob Bishop to second
Runner from 3rd tries for Home, SAFE, no throw or cutoff
Pinch Runner at 2nd Patrick Chávez:
Batting: LHB Desmond Huth 0-0: SINGLE (Flyball, 89M)
Patrick Chávez to third
Jonathan Martin to second
Runner from 3rd tries for Home, SAFE, no throw or cutoff
Batting: RHB Tom McBride 0-0: Called Strike
0-1: Ball
1-1: Ball
2-1: Ball
3-1: Base on Balls
Jonathan Martin to third
Desmond Huth to second
Batting: RHB Tim Smith 0-0: Called Strike
0-1: Ground out 6-3 (Groundball, 6)
Top of the 8th over - 4 run(s), 5 hit(s), 0 error(s), 3 left on base; Brookline HS 10 - Dublin Jerome HS 9
BOTTOM OF THE 8TH
Dublin Jerome HS Celtics batting - Pitching for Brookline HS Warriors : RHP Ryan Lee
Pitching: LHP Neil White
Batting: RHB Craig Hicks 0-0: Ground out 5-3 (Groundball, 56S)
Pitching: RHP Elliott Hinton
Batting: RHB Deron McClendon 0-0: Called Strike
0-1: Swinging Strike
0-2: Strikes out looking
Batting: RHB Garrett Hinton 0-0: SINGLE (Flyball, 8LS)
Batting: LHB Dale González 0-0: Ball
1-0: Ball
2-0: Ball
3-0: Swinging Strike
3-1: Foul Ball, location: 2F
3-2: Base on Balls
Garrett Hinton to second
Batting: RHB David Silva 0-0: Ball
1-0: Called Strike
1-1: SINGLE (Flyball, 8RS)
Garrett Hinton to third
Dale González to second
Runner from 3rd tries for Home, SAFE, no throw or cutoff
Batting: RHB Cy Wilcox 0-0: Ball
1-0: Ball
2-0: Called Strike
2-1: Called Strike
2-2: Strikes out swinging
Bottom of the 8th over - 1 run(s), 2 hit(s), 0 error(s), 2 left on base; Brookline HS 10 - Dublin Jerome HS 10
TOP OF THE 9TH
Brookline HS Warriors batting - Pitching for Dublin Jerome HS Celtics : LHP Gilbert Robinson
Pitching: RHP Theron Little
Batting: SHB Luis Rodríguez 0-0: Ball
1-0: Called Strike
1-1: Called Strike
1-2: Ball
2-2: Ball
3-2: Base on Balls
Batting: RHB Francisco Durango 0-0: Ball
1-0: Ball
2-0: Ball
3-0: Called Strike
3-1: Base on Balls
Luis Rodríguez to second
Pinch Runner at 2nd Paco Cabrera:
Batting: RHB Ben Bond 0-0: Sac Bunt - play at first, batter safe!
Paco Cabrera to third
Francisco Durango to second
Batting: RHB Owen Jenkins 0-0: Ball
1-0: Ball
2-0: Ball
3-0: Called Strike
3-1: Base on Balls
Paco Cabrera scores
Francisco Durango to third
Ben Bond to second
Batting: RHB Patrick Chávez 0-0: Ball
1-0: Ball
2-0: Called Strike
2-1: Foul Ball, location: 2F
2-2: DOUBLE (Flyball, 7LM)
Francisco Durango scores
Ben Bond scores
Owen Jenkins to third
Batting: LHB Jonathan Martin 0-0: Foul Ball, location: 2F
0-1: Ball
1-1: Foul Ball, location: 2F
1-2: Strikes out swinging
Batting: LHB Desmond Huth 0-0: Intentional Walk
Batting: RHB Tom McBride 0-0: Called Strike
0-1: Ball
1-1: Ball
2-1: Reached on error, E6 (Groundball, 6M)
Owen Jenkins scores
Patrick Chávez to third
Desmond Huth to second
Pitching: RHP José Gonzáles
Batting: RHB Tim Smith 0-0: Fly out, F8 (Flyball, 89M)
Runner from 3rd tags up, SCORES, no throw
Batting: RHB Paco Cabrera 0-0: Ball
1-0: Swinging Strike
1-1: Called Strike
1-2: Ball
2-2: Strikes out swinging
Top of the 9th over - 5 run(s), 2 hit(s), 1 error(s), 2 left on base; Brookline HS 15 - Dublin Jerome HS 10
BOTTOM OF THE 9TH
Dublin Jerome HS Celtics batting - Pitching for Brookline HS Warriors : RHP Elliott Hinton
Pitching: RHP Wally O'Dowling
Now at 3B: Paco Cabrera
Batting: LHB Paul Holcomb 0-0: Ball
1-0: Foul Ball, location: 2F
1-1: Ball
2-1: SINGLE (Groundball, 34D)
Batting: RHB Pedro Polanco 0-0: Swinging Strike
0-1: Ball
1-1: Foul Ball, location: 2F
1-2: Ball
2-2: Ball
3-2: Base on Balls
Paul Holcomb to second
Batting: SHB Pete Jones 0-0: Ball
1-0: Foul Ball, location: 2F
1-1: Swinging Strike
1-2: Foul Ball, location: 2F
1-2: Fly out, F9 (Line Drive, 89M)
Runner from 2nd tags up, SAFE at 3rd with throw
Batting: RHB Craig Hicks 0-0: Foul Ball, location: 2F
0-1: Foul Ball, location: 2F
0-2: Ball
1-2: Fielders Choice at 2nd, 6-4 (Groundball, 56)
Paul Holcomb scores
Batting: RHB Deron McClendon 0-0: Ball
1-0: Hit by Pitch
Craig Hicks to second
Batting: RHB Garrett Hinton 0-0: Fly out, F8 (Popup, 8RS)
Bottom of the 9th over - 1 run(s), 1 hit(s), 0 error(s), 2 left on base; Brookline HS 15 - Dublin Jerome HS 11
Monday, December 5th, 2016 - OOTP Baseball 17.12 Build 75